 Dungeon Crawl Stone Soup version 0.16-a0-621-gdc21f72 (webtiles) character file.

1233 Ratboiler the Caller (level 8, -8/46 HPs)
             Began as an Octopode Summoner on Sept 17, 2014.
             Shot with an arrow by a centaur (12 damage)
             ... on Level 7 of the Dungeon.
             The game lasted 00:35:21 (8054 turns).

Ratboiler the Caller (Octopode Summoner)            Turns: 8054, Time: 00:35:22

HP  -8/46        AC  3     Str  7      XL: 8   Next: 48%
MP   9/19        EV 12     Int 20      God:
Gold 270         SH  0     Dex 12      Spells:  5 memorised,  2 levels left

rFire  . . .     SeeInvis .     s - +2 quarterstaff (chaos)
rCold  . . .     Clarity  .     (no shield)
rNeg   . . .     rCorr    .     h - +0 hat
rPois  .         rRot     .     (no amulet)
rElec  .         Spirit   .     x - +2 ring of protection
SustAb .         Warding  .     D - ring of protection from magic
rMut   .         Stasis   .     (no ring)
Gourm  .                        (no ring)
MR     +....                    (no ring)
                                (no ring)
                                (no ring)
                                (no ring)

@: somewhat resistant to hostile enchantments, fairly stealthy
A: almost no armour, amphibious, 8 rings, constrict 8, camouflage 1, gelatinous
body 1
a: no special abilities


You were on level 7 of the Dungeon.
You were not hungry.

You visited 1 branch of the dungeon, and saw 7 of its levels.

You collected 270 gold pieces.

Inventory:

Hand weapons
 a - a +2 dagger of electrocution
 m - a +0 scythe
 s - a +2 quarterstaff of chaos (weapon)
Missiles
 t - 20 poisoned needles
 J - 2 needles of slowing
Armour
 h - a +0 hat (worn)
Magical devices
 l - a wand of fireball (2)
 r - a wand of confusion (0)
 u - a wand of confusion (6)
 F - a wand of cold (10)
Comestibles
 c - 2 bread rations
 n - 7 fruits
 p - 5 meat rations
Scrolls
 d - 2 scrolls of teleportation {unknown}
 e - 7 scrolls of identify {unknown}
 f - 4 scrolls of remove curse {unknown}
 g - a scroll of random uselessness {unknown}
 q - 3 scrolls of enchant weapon {unknown}
 w - 2 scrolls of noise {unknown}
 y - a scroll of amnesia {unknown}
 H - 2 scrolls of summoning {unknown}
 I - 3 scrolls of fear {unknown}
 K - a scroll of immolation {unknown}
Jewellery
 x - a +2 ring of protection (left tentacle)
 D - a ring of protection from magic (right tentacle)
 E - an uncursed ring of protection from magic
Potions
 i - 2 potions of heal wounds
 j - a potion of resistance {unknown}
 k - a potion of flight {unknown}
 o - 6 potions of curing {unknown}
 v - a potion of magic {unknown}
 z - a potion of porridge
 A - a potion of poison {unknown}
 B - a potion of cure mutation {unknown}
 G - a potion of agility
Books
 b - a book of Callings

   Spells                             Type                      Level
   *Summon Small Mammal               Summoning                    1
   *Call Imp                          Summoning                    2
   *Call Canine Familiar              Summoning                    3
   Summon Guardian Golem              Hexes/Summoning              4
   *Summon Lightning Spire            Summoning/Air                4
   *Summon Ice Beast                  Ice/Summoning                4


   Skills:
 - Level 2.0 Dodging
 - Level 2.6 Stealth
 + Level 4.9 Spellcasting
 * Level 7.4 Summonings
 * Level 3.5 Ice Magic
 * Level 4.1 Air Magic


You had 2 spell levels left.
You knew the following spells:

 Your Spells              Type           Power        Failure   Level  Hunger
a - Summon Small Mammal   Summ           ####         1%          1    None
b - Call Imp              Summ           ####....     1%          2    None
c - Call Canine Familiar  Summ           ####....     1%          3    ###....
d - Summon Lightning Spi  Summ/Air       ####....     12%         4    ####...
e - Summon Ice Beast      Ice/Summ       ####....     14%         4    ####...


Dungeon Overview and Level Annotations

Branches:
Dungeon (7/15)
 Temple: D:4-7

Altars:
Dithmenos
Fedhas
Makhleb
Nemelex Xobeh
Vehumet
Xom
Zin


Innate Abilities, Weirdness & Mutations

You cannot wear most types of armour.
You are amphibious.
You can wear up to eight rings at the same time.
You can use your tentacles to constrict many enemies at once.
Your skin changes colour to match your surroundings (Stealth).
Your rubbery body absorbs attacks (AC +1).


Message History

Casting: Call Canine Familiar
Confirm with . or Enter, or press ? or * to list all spells.
A beastly little devil appears in a puff of frigid air.
The centaur shoots an arrow.
The arrow closely misses you.
Casting: Call Imp
Confirm with . or Enter, or press ? or * to list all spells.
A shadowy apparition takes form in the air.
The centaur shoots an arrow.
The arrow hits you. The goblin hits you.
The centaur shoots an arrow.
The arrow barely misses you.
You closely miss the goblin. You grab the goblin. You constrict the goblin.
You kill the goblin!
The centaur shoots an arrow.
The arrow hits you!
* * * LOW HITPOINT WARNING * * *
Unknown command.
You swap places.
The centaur shoots an arrow.
The arrow hits you!
* * * LOW HITPOINT WARNING * * *
The centaur shoots an arrow.
The arrow misses you.
You see here an arrow.
The centaur shoots an arrow.
The arrow hits you!
You die...

#### ##### #...###... .
##..#.#.#.. ... #..#..#..#.
#..c### #.#...#...# .......
#.......... ≈.......##
##......#...
≈≈≈....!.#######........#..
≈≈≈≈Y.5#5(@........#....)#.
.≈≈≈≈≈≈.#h5...<...%........#
.≈≈≈≈≈≈.5.(............#####
.≈≈≈≈≈≈.Y.................#
≈≈≈≈≈≈.....................
≈≈≈≈≈......................
≈≈≈........................
.........................
......................>


You could see a centaur, a friendly ice beast, a friendly hound, 2 friendly
white imps and a friendly shadow imp.

Vanquished Creatures
  A phantom (D:6)
  A hippogriff skeleton (D:6)
  2 crimson imps
  3 hounds
  An elf zombie (D:7)
  An iguana (D:5)
  2 worker ants
  4 adders
  A giant mite (D:6)
  2 worms (D:4)
  2 giant geckos
  An ooze (D:5)
  2 orcs
  2 ball pythons
  8 giant cockroaches
  9 hobgoblins
  6 jackals
  11 kobolds
  2 quokkas
  13 bats
  2 giant newts
  8 goblins
  A goblin skeleton (D:4)
  2 kobold skeletons
  12 rats
  A fungus (D:2)
100 creatures vanquished.

Vanquished Creatures (collateral kills)
  The ghost of Afay the Protected, an experienced MiFi of Zin (D:5)
  Grinder (D:3)
  Eustachio (D:5)
  An ice beast (D:6)
  A black bear (D:6)
  An ogre (D:4)
  Sigmund (D:2)
  A giant frog (D:3)
  3 scorpions
  2 goliath beetles (D:7)
  Crazy Yiuf (D:2)
  2 worker ants (D:4)
  Natasha (thrice) (D:5)
  A big kobold skeleton (D:6)
  A worker ant zombie (D:6)
  4 adders
  2 giant mites (D:3)
  3 giant geckos
  3 orcs (D:6)
  7 goblins
  2 hobgoblins (D:1)
  2 jackals
  5 kobolds (D:1)
  A quokka (D:4)
  2 ball pythons
  3 bats
  A giant cockroach (D:1)
  A giant newt (D:3)
  A rat (D:1)
58 creatures vanquished.

Vanquished Creatures (others)
  An ice beast (D:7)
  4 crimson imps
  10 hounds
  A lightning spire (D:6)
  4 white imps
  4 shadow imps
  An iguana zombie (D:6)
  A bat (D:1)
  2 quokkas (D:1)
  3 rats (D:1)
31 creatures vanquished.

Grand Total: 189 creatures vanquished

Notes
Turn   | Place    | Note
--------------------------------------------------------------
     0 | D:1      | Ratboiler, the Octopode Summoner, began the quest for the Orb.
     0 | D:1      | Reached XP level 1. HP: 11/11 MP: 3/3
   587 | D:1      | Reached XP level 2. HP: 17/17 MP: 2/4
   591 | D:1      | Learned a level 2 spell: Call Imp
  1295 | D:1      | Reached XP level 3. HP: 21/21 MP: 3/6
  1300 | D:1      | Learned a level 3 spell: Call Canine Familiar
  1671 | D:2      | Noticed Sigmund
  1785 | D:2      | Killed Sigmund
  1785 | D:2      | Reached skill level 5 in Summonings
  1785 | D:2      | Reached XP level 4. HP: 19/27 MP: 1/8
  3125 | D:2      | Noticed Crazy Yiuf
  3222 | D:2      | Killed Crazy Yiuf
  3290 | D:3      | Reached XP level 5. HP: 31/31 MP: 3/11
  3297 | D:3      | Learned a level 4 spell: Summon Lightning Spire
  3397 | D:3      | Noticed Grinder
  3399 | D:3      | Paralysed by Grinder for 5 turns
  3405 | D:3      | Noticed a giant frog
  3430 | D:3      | Killed a giant frog
  3438 | D:3      | Killed Grinder
  3438 | D:3      | Reached skill level 6 in Summonings
  3438 | D:3      | Reached XP level 6. HP: 16/36 MP: 2/15
  3748 | D:3      | Found a shadowy altar of Dithmenos.
  4029 | D:4      | Reached skill level 1 in Air Magic
  4448 | D:4      | Reached XP level 7. HP: 41/41 MP: 9/17
  4454 | D:4      | Learned a level 4 spell: Summon Ice Beast
  4566 | D:5      | Entered Level 5 of the Dungeon
  4728 | D:5      | Found a blossoming altar of Fedhas.
  4910 | D:5      | Noticed Afay's ghost (experienced MiFi)
  4927 | D:5      | Killed Afay's ghost
  4927 | D:5      | Reached skill level 1 in Ice Magic
  5182 | D:5      | Noticed Natasha
  5190 | D:5      | Killed Natasha
  5277 | D:5      | Noticed Natasha
  5285 | D:5      | Killed Natasha
  5524 | D:5      | Noticed Natasha
  5537 | D:5      | Killed Natasha
  5586 | D:5      | Noticed Eustachio
  5599 | D:5      | Killed Eustachio
  5619 | D:5      | Found a shimmering altar of Xom.
  5621 | D:5      | Found a shimmering altar of Xom.
  5621 | D:5      | Found a shimmering altar of Xom.
  5622 | D:5      | Found a shimmering altar of Xom.
  5623 | D:5      | Found a shimmering altar of Xom.
  5624 | D:5      | Found a shimmering altar of Xom.
  5704 | D:5      | Found a radiant altar of Vehumet.
  5704 | D:5      | Found a sparkling altar of Nemelex Xobeh.
  6124 | D:6      | Found a burning altar of Makhleb.
  6139 | D:6      | Reached XP level 8. HP: 42/46 MP: 8/19
  6267 | D:6      | Found a glowing silver altar of Zin.
  6268 | D:6      | Noticed an angel
  6463 | D:6      | Reached skill level 7 in Summonings
  8054 | D:7      | Shot with an arrow by a centaur

Action                   |  1- 3 |  4- 6 |  7- 9 || total
-------------------------+-------+-------+-------++-------
Melee: Unarmed           |    57 |     1 |       ||    58
       Scythe            |       |    50 |       ||    50
       Dagger            |       |     8 |       ||     8
       Quarterstaff      |       |    50 |    78 ||   128
 Cast: Summon Small Mamm |    10 |       |       ||    10
       Call Imp          |     9 |    21 |    32 ||    62
       Call Canine Famil |     4 |    15 |    24 ||    43
       Summon Lightning  |       |     1 |     4 ||     5
       Summon Ice Beast  |       |       |    11 ||    11
Evoke: Wand              |       |     1 |     1 ||     2
  Use: Potion            |       |     1 |       ||     1
 Stab: Sleeping          |     2 |     6 |     3 ||    11
  Eat: Chunk             |     4 |    10 |     8 ||    22
       Fruit             |       |     1 |     1 ||     2
       Pizza             |       |       |     1 ||     1
       Royal jelly       |       |       |     2 ||     2
       Beef jerky        |       |       |     1 ||     1
